 Dungeon Crawl Stone Soup version 0.29-a0-541-gaf1fc19f1b (webtiles) character file.

Game seed: 10431653966887517675

1099 bande the Chopper (level 8, 44/44 HPs)
             Began as a Gargoyle Fighter on June 2, 2022.
             Quit the game on level 5 of the Dungeon.
             The game lasted 00:09:57 (6748 turns).

bande the Chopper (Gargoyle Fighter)                Turns: 6748, Time: 00:09:57

Health: 44/44      AC: 20    Str: 20    XL:     8   Next: 32%
Magic:  7/7        EV:  5    Int:  9    God:
Gold:   298        SH:  9    Dex:  9    Spells: 7/7 levels left

rFire   . . .      SeeInvis .   l - +1 war axe (vorpal)
rCold   . . .      Faith    .   c - +0 buckler
rNeg    + . .      Spirit   .   p - +0 plate armour
rPois   ∞          Reflect  +   u - +0 helmet
rElec   +          Harm     .   (no cloak)
rCorr   .          Rampage  .   (no gloves)
Will    .....                   x - +0 pair of boots
Stlth   ..........              j - amulet of reflection
HPRegen 0.14/turn               (no ring)
MPRegen 0.10/turn               (no ring)

@: no status effects
A: sickness immunity, AC +5, negative energy resistance 1, electricity
resistance, torment resistance 1, petrification resistance, hooves 1, clumsy 1,
frail 1, low MP 1
a: no special abilities


You were on level 5 of the Dungeon.
You visited 1 branch of the dungeon, and saw 5 of its levels.
You also visited: Ossuary.

You collected 298 gold pieces.

Inventory:

Hand Weapons
 a - a +1 war axe
 l - a +1 vorpal war axe (weapon)
Armour
 c - a +0 buckler (worn)
 p - a +0 plate armour (worn)
 u - a +0 helmet (worn)
 x - a +0 pair of boots (worn)
Jewellery
 j - an amulet of reflection (around neck)
Wands
 g - a wand of flame (2)
Scrolls
 b - a scroll of blinking
 o - a scroll of enchant weapon
 s - 3 scrolls of teleportation
Potions
 d - 2 potions of might
 f - 2 potions of curing
 h - 2 potions of attraction {unknown}
 i - 2 potions of ambrosia {unknown}
 k - 2 potions of invisibility
 m - 5 potions of heal wounds
 n - a potion of berserk rage {unknown}
 q - a potion of lignification {unknown}
 r - 3 potions of brilliance
 t - 2 potions of resistance {unknown}
 w - a potion of magic {unknown}
 z - a potion of haste {unknown}
 A - a potion of flight {unknown}
 B - a potion of degeneration {unknown}


   Skills:
 + Level 5.1 Fighting
 + Level 6.8 Axes
 + Level 5.6 Armour
 + Level 4.2 Shields
 * Level 1.0 Evocations


You had 7 spell levels left.
You didn't know any spells.
Your spell library contained the following spells:

 Spells                   Type           Power      Damage    Failure   Level
 Gell's Gravitas          Tloc           0%         N/A       100%        3
 Lesser Beckoning         Tloc           0%         N/A       100%        3
 Teleport Other           Tloc           0%         N/A       100%        3


Dungeon Overview and Level Annotations

Branches:
Dungeon (5/15)            Ossuary (visited)
 Temple: D:4-7

Altars:
Sif Muna


Innate Abilities, Weirdness & Mutations

You are immune to sickness and miasma.
Your stone body is resilient. (AC +5)
You are immune to poison.
You resist negative energy. (rN+)
You are resistant to electric shocks. (rElec)
You are resistant to unholy torment.
You are immune to petrification.
You have large cloven feet.
You are clumsy. (Dex -2)
You are frail. (-10% HP)
Your magical capacity is low. (-10% MP)


Message History

You closely miss the necrophage.
The necrophage hits you but does no damage.
You slash the necrophage!
The necrophage is heavily damaged.
The necrophage hits you but does no damage.
You slash the necrophage!
The necrophage is almost destroyed.
You block the necrophage's attack.
The necrophage hits you but does no damage.
You barely miss the necrophage.
The necrophage is almost destroyed.
The necrophage barely misses you.
You closely miss the necrophage.
The necrophage is almost destroyed.
The necrophage hits you.
You slash the necrophage!
You destroy the necrophage!
Your Evocations skill increases to level 1!
No target in view!
You now have 298 gold pieces (gained 12).
Found 24 stones.
You see here a +0 pair of boots.
x - a +0 pair of boots You start putting on your armour.
You continue putting on your +0 pair of boots. x4
You finish putting on your +0 pair of boots.
As you read the scroll of identify, it crumbles to dust.
r - 3 potions of brilliance Really quaff the potion of mutation?
You feel extremely strange.
You feel a little pissed off.
You lose the ability to read scrolls when threatened.
You feel less energetic.
Your toenails lengthen and sharpen.
Really quaff the potion of mutation?
You feel extremely strange.
Your talons dull and shrink into feet.
You can once more read scrolls while threatened.
You feel a little more calm.
You feel clumsy.
You feel frail.
Your feet thicken and deform.
Are you sure you want to abandon this character and quit the game? (Confirm with "yes".)

.................#
.................#
.................#
.................#
.................#
.................#
############.....#
#.....# #....@#
#.....# #.....#
#.....# #.....#
#.(...# #.....#
......#


There were no monsters in sight!

Vanquished Creatures
  3 ogres (D:4)
  An elf zombie (D:5)
  A necrophage (D:5)
  An elf skeleton (D:5)
  4 centaur zombies (Ossuary)
  A jelly (D:3)
  An orc priest (D:3)
  A human zombie (D:5)
  Jessica (D:3)
  A human skeleton (D:5)
  Ijyb (D:3)
  An ogre zombie (Ossuary)
  7 mummies (Ossuary)
  4 gnolls (D:3)
  9 adders
  5 adder zombies (Ossuary)
  2 worms (D:4)
  3 dart slugs
  7 orcs
  6 bats
  11 endoplasms
  7 giant cockroaches
  4 goblins
  3 hobgoblins
  7 quokkas
  5 ball pythons
  9 frilled lizards
  2 goblin zombies (Ossuary)
  4 hobgoblin zombies (Ossuary)
  4 kobolds
  4 kobold zombies (Ossuary)
  2 orc zombies (D:5)
  7 quokka zombies (Ossuary)
  10 rats
  3 rat zombies (Ossuary)
142 creatures vanquished.

Notes
Turn   | Place    | Note
-------+----------+-------------------------------------------
     0 | D:1      | bande the Gargoyle Fighter began the quest for the Orb.
     0 | D:1      | Reached XP level 1. HP: 14/14 MP: 1/1
   202 | D:1      | Reached XP level 2. HP: 18/19 MP: 2/2
   526 | D:1      | Reached skill level 2 in Axes
   702 | D:1      | Found a faded altar of an unknown god.
   723 | D:1      | Reached XP level 3. HP: 24/24 MP: 3/3
  1459 | D:2      | Found a shimmering blue altar of Sif Muna.
  1603 | D:2      | Reached XP level 4. HP: 29/29 MP: 4/4
  2037 | D:2      | Reached skill level 3 in Axes
  2496 | D:3      | Reached XP level 5. HP: 32/33 MP: 5/5
  2548 | D:3      | Noticed Jessica
  2555 | D:3      | Killed Jessica
  2601 | D:3      | Noticed Ijyb
  2621 | D:3      | Killed Ijyb
  3239 | D:3      | Reached skill level 4 in Axes
  3774 | D:3      | Reached XP level 6. HP: 27/38 MP: 6/6
  4551 | D:4      | Identified the +7 spear of Roweto {vorpal, Str+4 Dex-4
                  | Stlth+}
  4632 | D:4      | Reached skill level 5 in Axes
  4632 | D:4      | Reached skill level 5 in Armour
  4632 | D:4      | Reached XP level 7. HP: 7/44 MP: 7/7
  5593 | D:5      | Entered Level 5 of the Dungeon
  5655 | D:5      | Found a sand-covered staircase.
  5663 | Ossuary  | Entered an ossuary
  5784 | Ossuary  | Reached skill level 6 in Axes
  5989 | Ossuary  | Reached XP level 8. HP: 48/48 MP: 8/8
  6197 | Ossuary  | Reached skill level 5 in Fighting
  6722 | D:5      | Reached skill level 1 in Evocations
  6746 | D:5      | Gained mutation: You tend to lose your temper in combat.
                  | [potion of mutation]
  6746 | D:5      | Gained mutation: You sometimes lose the ability to read
                  | scrolls when taking damage. [potion of mutation]
  6746 | D:5      | Gained mutation: Your magical capacity is low. (-10% MP)
                  | [potion of mutation]
  6746 | D:5      | Gained mutation: You have sharp toenails. [potion of
                  | mutation]
  6747 | D:5      | Lost mutation: You have sharp toenails. [potion of
                  | mutation]
  6747 | D:5      | Lost mutation: You sometimes lose the ability to read
                  | scrolls when taking damage. [potion of mutation]
  6747 | D:5      | Lost mutation: You tend to lose your temper in combat.
                  | [potion of mutation]
  6747 | D:5      | Gained mutation: You are clumsy. (Dex -2) [potion of
                  | mutation]
  6747 | D:5      | Gained mutation: You are frail. (-10% HP) [potion of
                  | mutation]
  6747 | D:5      | Gained mutation: You have large cloven feet. [potion of
                  | mutation]
  6748 | D:5      | Quit the game

Illustrated notes

Levels and vault maps discovered:
D:1:      amcnicky_arrival_double_pillar, layout_loops_ring,
          shapermc_ecumenical_altar_totnotflames, columned_hall_lemuel,
          st_stairs_7, minmay_misc_feat_chi, minmay_misc_feat_tiny,
          hangedman_decor_points
D:2:      layout_loops_corners, basic_altar
D:3:      layout_basic, uniq_jessica, uniq_ijyb
D:4:      layout_rooms
D:5:      layout_gridville, mainiacjoe_overflow_small_starburst,
          minmay_temple_entry_proselytizer, nicolae_ossuary_entry_catacombs,
          uniq_grinder, uniq_edmund, uniq_sigmund

Skill      XL: |  1  2  3  4  5  6  7  8 |
---------------+-------------------------+-----
Axes           | 2 3 4 5 6 |  6.8
Armour         | 4 5 |  5.6
Fighting       | 4 5 |  5.1
Shields        | 4 |  4.2
Evocations     | 1 |  1.0

Action                   |  1- 3 |  4- 6 |  7- 9 || total
-------------------------+-------+-------+-------++-------
Melee: War axe           |   136 |   113 |   153 ||   402
  Use: Scroll            |     6 |     3 |     5 ||    14
       Potion            |       |       |     2 ||     2
Armor: Scale mail        |    51 |       |       ||    51
       Chain mail        |    33 |    15 |       ||    48
       Plate armour      |       |    91 |    97 ||   188
Dodge: Dodged            |    58 |    35 |    35 ||   128
Block: Buckler           |    23 |    40 |    26 ||    89

Table legend: (Time is in decaauts)
 A = Elapsed time spent in this place.
 B = Non-inter-level travel time spent in this place.
 C = Inter-level travel time spent in this place.
 D = Time resting spent in this place.
 E = Time spent auto-exploring this place.
 F = Levels seen in this place.
 G = Mean time per level.
                   A        B        C        D        E       F      G
               +--------+--------+--------+--------+--------+-----+--------+
         Total |   6883 |   6769 |    114 |   2077 |   3564 |   6 | 1147.2 |
       Dungeon |   5928 |   5814 |    114 |   1736 |   3144 |   5 | 1185.6 |
       Ossuary |    955 |    955 |      0 |    341 |    420 |   1 |  955.0 |
               +--------+--------+--------+--------+--------+-----+--------+

Top non-repeatable levels by time:
     D:3: 1998 daAuts
     D:4: 1372 daAuts
     D:2: 1180 daAuts
     D:1: 1145 daAuts
 Ossuary: 955 daAuts
     D:5: 230 daAuts
